 Dungeon Crawl Stone Soup version 0.24.0-35-gdb84b6a5db (webtiles) character file.

Game seed: 13536876904418507414, levelgen mode: deterministic

65 Esekla the Digger (level 3, 0/26 HPs)
             Began as a Demonspawn Wanderer on Nov 18, 2019.
             Succumbed to an adder's poison
             ... on level 2 of the Dungeon.
             The game lasted 00:30:20 (2361 turns).

Esekla the Digger (Demonspawn Wanderer)             Turns: 2361, Time: 00:30:21

Health: 0/26       AC:  3    Str: 18    XL:     3   Next: 92%
Magic:  3/7        EV: 26    Int: 13    God:
Gold:   111        SH:  0    Dex: 13    Spells: 2/7 levels left

rFire    . . .     SeeInvis .   a - +0 dagger
rCold    . . .     Gourm    .   (no shield)
rNeg     + . .     Faith    .   d - +0 robe
rPois    .         Spirit   .   (no helmet)
rElec    .         Reflect  .   (no cloak)
rCorr    .         Harm     .   h - +0 pair of gloves
MR       .....                  (no boots)
Stlth    ++........             c - amulet of the acrobat
HPRegen  0.08/turn              b - ring of positive energy
MPRegen  0.10/turn              p - +6 ring of strength

@: lethally poisoned (0 -> -2), acrobat
A: claws 1
a: no special abilities


You were on level 2 of the Dungeon.
You were hungry.

You visited 1 branch of the dungeon, and saw 3 of its levels.

You collected 111 gold pieces.

Inventory:

Hand Weapons
 a - a +0 dagger (weapon)
 g - a +0 spear
Armour
 d - a +0 robe (worn)
 h - a +0 pair of gloves (worn)
Jewellery
 b - a ring of positive energy (left hand)
 c - an amulet of the acrobat (around neck)
 n - an uncursed amulet of rage
 p - a +6 ring of strength (right hand)
Wands
 m - a wand of acid (5)
Scrolls
 e - a scroll of teleportation
 f - a scroll of blinking {unknown}
 j - 2 scrolls of identify
 l - a scroll of enchant armour {unknown}
 o - a scroll of amnesia {unknown}
Potions
 i - a potion of flight
Comestibles
 k - 3 rations


   Skills:
 * Level 1.1 Fighting
 * Level 0.8 Short Blades
 - Level 1.0 Throwing
 + Level 0.5 Dodging
 - Level 1.0 Stealth
 + Level 2.7 Spellcasting
 * Level 1.2 Conjurations
   Level 1.0 Hexes
 * Level 0.2 Charms
 * Level 1.0 Translocations
   Level 3.6 Earth Magic
 * Level 1.0 Poison Magic


You had 2 spell levels left.
You knew the following spells:

 Your Spells              Type           Power        Failure   Level  Hunger
a - Shroud of Golubria    Chrm/Tloc      #.....       28%         2    ###....
b - Blink                 Tloc           N/A          24%         2    ###....
s - Sting                 Conj/Pois      #...         16%         1    #......

Your spell library contained the following spells:

 Spells                   Type           Power        Failure   Level  Hunger
 Sandblast                Erth           ##....       5%          1    #......
 Stone Arrow              Conj/Erth      #.....       26%         3    ###....
 Gell's Gravitas          Tloc           #.........   43%         3    ###....
 Lesser Beckoning         Tloc           #.........   43%         3    ###....
 Teleport Other           Tloc           #.......     43%         3    ###....
 Spider Form              Tmut/Pois      #.........   50%         3    ###....
 Passage of Golubria      Tloc           N/A          83%         4    #####..


Dungeon Overview and Level Annotations

Branches:
Dungeon (3/15)

Altars:
Fedhas
Gozag

Annotations:
D:2 Robin, Sigmund


Innate Abilities, Weirdness & Mutations

You have sharp fingernails.


Message History

Your shroud bends the rat's attack away.
Casting: Blink (safe; 24% risk of failure)
Confirm with . or Enter, or press ? or * to list all spells.
Okay, then.
* * * LOW HITPOINT WARNING * * *
You feel sick. The goblin misses you.
Your surroundings suddenly seem different.
Found a helmet.
Your shroud unravels.
You hear a zap.
You hear a grinding noise.
* * * LOW HITPOINT WARNING * * *
You feel sick.
You hear a zap.
You hear a grinding noise.
* * * LOW HITPOINT WARNING * * *
You feel sick.
You hear a zap.
You hear a grinding noise.
There is a stone staircase leading up here.
You hear a zap.
You hear a grinding noise.
A hobgoblin comes into view.
You die...

##########................
........##....[...........
........##................
........##†.............[.
....>......<.............#
..........................
##########................
#........#........
#@##...######....#
........##...... .##..
.....####[.....# . .. ....
#....... .#.S .g. ..... ..
.... .


You could see a hobgoblin (sleeping).

Vanquished Creatures
  An adder (D:2)
  A dart slug (D:1)
  3 leopard geckos (D:1)
  5 orcs (D:3)
  2 ball pythons
  A giant cockroach (D:1)
  3 hobgoblins (D:1)
  8 jackals (D:1)
  2 kobolds
  5 bats
  4 frilled lizards (D:1)
  5 goblins
  3 rats (D:1)
43 creatures vanquished.

Notes
Turn   | Place    | Note
-------+----------+-------------------------------------------
     0 | D:1      | Esekla the Demonspawn Wanderer began the quest for the Orb.
     0 | D:1      | Esekla set off with the following items: a +0 dagger, a +0
                  | robe, a ration; and the following spells available to
                  | memorise: Sandblast, Sting, Blink, Shroud of Golubria,
                  | Stone Arrow, Gell's Gravitas, Lesser Beckoning, Teleport
                  | Other, Spider Form, Passage of Golubria
     0 | D:1      | Reached XP level 1. HP: 13/13 MP: 3/3
    21 | D:1      | Learned a level 1 spell: Sting
   504 | D:1      | Gained mutation: You have sharp fingernails. [demonic
                  | ancestry]
   504 | D:1      | Reached XP level 2. HP: 13/20 MP: 3/5
   655 | D:1      | Learned a level 2 spell: Blink
   658 | D:1      | Learned a level 2 spell: Shroud of Golubria
   913 | D:1      | HP: 1/20 [kobold/+0 short sword (5)]
   956 | D:2      | Reached skill level 1 in Fighting
  1386 | D:1      | Reached XP level 3. HP: 22/26 MP: 2/6
  1914 | D:2      | Noticed Sigmund
  1951 | D:3      | Found an opulent altar of Gozag.
  1963 | D:3      | Found a blossoming altar of Fedhas.
  2149 | D:3      | Reached skill level 1 in Conjurations
  2340 | D:2      | Noticed Robin
  2343 | D:2      | Reached skill level 1 in Poison Magic
  2357 | D:2      | HP: 1/26 [poisoned by an adder]
  2361 | D:2      | Succumbed to an adder's poison

Levels and vault maps discovered:
D:1:      psy_arrival_statuary, layout_basic, minmay_box_of_dots
D:2:      layout_rooms, uniq_robin, uniq_sigmund, uniq_crazy_yiuf_cottage
D:3:      layout_basic, grunt_gozag_statues, nicolae_overflow_crystal_walls,
          fedhas_ov_isle_minmay

Skill      XL: |  1  2  3 |
---------------+----------+-----
Fighting       | 1 |  1.1
Conjurations   | 1 |  1.2
Poison Magic   | 1 |  1.0
Short Blades   | |  0.8
Throwing       | |  1.0
Dodging        | |  0.5
Stealth        | |  1.0
Spellcasting   | |  2.7
Hexes          | |  1.0
Charms         | |  0.2
Translocations | |  1.0
Earth Magic    | |  3.6

Action                   || total
-------------------------++-------
Melee: Dagger            ||   126
 Cast: Sting             ||    51
       Blink             ||     3
       Shroud of Golubri ||     1
  Use: Scroll            ||     2
 Stab: Sleeping          ||     3
  Eat: Ration            ||     1
       Chunk             ||     2
Armor: Robe              ||    51
Dodge: Dodged            ||    97
